[Event "3rd Sunway Formentera-A 2024"]
[Site "Formentera"]
[Date "2024.04.15"]
[Round "6.10"]
[White "Jacobson, Aaron"]
[Black "Kazarian, Anna-Maja"]
[Result "1-0"]
[ECO "C11"]
[WhiteElo "2431"]
[BlackElo "2207"]
[Annotator "TA"]
[PlyCount "53"]
[EventDate "2024.04.03"]
[EventType "swiss"]
[EventCountry "ESP"]
[SourceTitle "playchess.com"]
[Source "ChessBase"]
[SourceQuality "1"]
[TimeControl "40/5400+30:1800+30"]

1. e4 e6 2. d4 d5 3. Nc3 Nf6 4. e5 Nfd7 5. Nce2 c5 6. c3 Nc6 7. Nf3 b5 8. a3 cxd4 9. cxd4 b4 10. a4 {[%emt 0:01:05] The position is equal.} Ba6 11. g3 Qb6 12. Nf4 Bxf1 13. Kxf1 g5 $2 14. Nxg5 $18 {[%emt 0:09:53] [#] Strongly threatening Qh5.} Qxd4 15. Qh5 Ncxe5 16. Nfxe6 (16. Nxh7 $2 Qe4 17. Ng2 Rxh7 $19) 16... Qc4+ 17. Kg2 {[%emt 0:00:32][%cal Oc1f4] Hoping for Bf4!} Nf6 18. Qh3 {[%emt 0:06:13][%cal Oc1f4] [#] And now Bf4! would win.} Nfg4 19. Bf4 fxe6 $2 (19... d4) 20. Bxe5 Rg8 21. Qh5+ (21. Nxh7 $2 Qe4+ (21... Nxe5 $2 22. Qxe6+ Kd8 23. Nf6 $18) 22. Kg1 Qxe5 $19 (22... Nxe5 $2 23. Nf6+ Kf7 24. Nxe4 $18)) 21... Rg6 22. Rhe1 {[%emt 0:02:22] Inhibits Qe2.} (22. Nxe6 $2 Qe4+ 23. Kg1 Nxe5 $19 (23... Qxe5 24. Qxe5 Nxe5 25. Nc7+ Kd7 26. Nxa8 $15)) 22... Be7 23. Nxe6 {[%emt 0:02:38] aiming for Bd4.} Qc2 24. Bd4 ({Not} 24. Qxh7 Qxf2+ (24... Nxf2 $2 {loses.} 25. Qh5 $18) 25. Kh1 Qf3+ 26. Kg1 Qf2+ (26... Rxe6 27. Bd4 $11) 27. Kh1 Qf3+ 28. Kg1 Qf2+ (28... Rxe6 29. Bd4 $11) 29. Kh1 $11) 24... Kd7 25. Qxd5+ {[%emt 0:00:14] White mates.} Bd6 26. Nc5+ Kc7 27. Qb7+ {[%emt 0:00:13] Black got outplayed after the opening.   Weighted Error Value: White=0.01 (flawless) /Black=0.83.  Loses game:     	---       	Black=1      Mistake:       	---       	Black=1      Inaccurate:     	---       	Black=1      OK:         	White=4     	Black=5      Best:        	White=3     	---} 1-0

[Event "3rd Sunway Formentera-A 2024"]
[Site "Formentera"]
[Date "2024.04.15"]
[Round "6.11"]
[White "Botez, Andrea"]
[Black "Nardelli, Marco"]
[Result "1-0"]
[ECO "D00"]
[WhiteElo "1879"]
[BlackElo "2078"]
[Annotator "NA RC"]
[PlyCount "65"]
[EventDate "2024.04.03"]
[EventType "swiss"]
[EventCountry "ESP"]
[SourceTitle "playchess.com"]
[Source "ChessBase"]
[SourceQuality "1"]
[TimeControl "40/5400+30:1800+30"]

1. d4 d5 2. Nc3 Nf6 3. Bf4 e6 4. e3 Bb4 5. Bd3 c5 6. dxc5 Nbd7 7. Nf3 O-O 8. O-O Bxc3 9. bxc3 Nxc5 10. c4 b6 11. cxd5 Qxd5 12. Bd6 Re8 13. Bb5 Bd7 14. Be2 Nce4 15. Be5 Qb7 16. Nd4 Rad8 17. c4 Qc8 18. Rc1 Qc5 19. Nf3 Bc6 20. Bd4 Qa5 21. Qc2 e5 22. Ba1 Ba4 23. Qb2 Nd2 24. Rfe1 Nxf3+ 25. Bxf3 e4 26. Be2 Qc5 27. Qc3 Rd7 28. Bb2 Red8 29. Ba3 Qf5 30. Qb4 Bc6 31. h3 h6 32. Rcd1 Nh7 33. Bg4 1-0

[Event "3rd Sunway Formentera-A 2024"]
[Site "Formentera"]
[Date "2024.04.15"]
[Round "6.12"]
[White "Vantika Agrawal"]
[Black "Tsatsalashvili, Keti"]
[Result "1-0"]
[ECO "D35"]
[WhiteElo "2398"]
[BlackElo "2315"]
[Annotator "TA"]
[PlyCount "93"]
[EventDate "2024.04.03"]
[EventType "swiss"]
[EventCountry "ESP"]
[SourceTitle "playchess.com"]
[Source "ChessBase"]
[SourceQuality "1"]
[TimeControl "40/5400+30:1800+30"]

1. d4 Nf6 2. c4 e6 3. Nf3 d5 4. Nc3 Be7 5. cxd5 exd5 6. Bf4 c6 7. e3 Bf5 8. Nh4 Be4 9. f3 Bg6 10. Nxg6 {[%emt 0:01:40] White is slightly better.} hxg6 11. Qb3 Qb6 12. g4 Nfd7 13. O-O-O Qxb3 14. axb3 Nf6 (14... Nf8 $11) 15. h4 $14 Nbd7 16. Bd3 Nf8 17. Bg3 Ne6 18. Bf2 O-O-O 19. Ne2 Bd6 20. Kb1 Rde8 21. Rdg1 Kb8 22. Ng3 c5 23. Bb5 Rd8 24. dxc5 Nxc5 25. Rd1 a6 26. Be2 Bc7 27. b4 Ne6 28. g5 Nh5 29. Nxh5 gxh5 30. Rd2 Bb6 31. Rhd1 Rhe8 (31... Nc7 $14) 32. Rxd5 $16 Rxd5 33. Rxd5 Ka8 $2 {[%emt 0:04:12] This costs Black the game.} (33... Kc8 $16 {was necessary.}) 34. Bc4 {[%emt 0:00:57] Hoping for Rd6.} Nf4 $2 (34... Rd8 35. Rxd8+ Nxd8) 35. Rf5 $18 Ng2 36. Rxf7 {[%emt 0:01:03][%cal Oc4d5] [#] And now Bd5! would win.} Bxe3 37. Bxe3 Nxe3 {[%emt 0:00:16][%mdl 4096] Endgame. KRB-KRN} (37... Rxe3 {keeps fighting.} 38. Rxg7 Rxf3) 38. Bd3 {[%emt 0:00:19] White is clearly winning.} Nd5 39. Be4 Nxb4 40. Bxb7+ (40. Rxb7 $2 {is the wrong capture.} Rxe4 41. Rc7 Re1+ (41... Rxh4 $2 42. Kc1 $19) 42. Rc1 Nd3 43. Rxe1 Nxe1 $19) 40... Kb8 41. Be4 (41. Rxg7 $2 Re1#) 41... a5 42. Rxg7 Rd8 43. Kc1 Na6 44. Rb7+ Kc8 45. Ra7 Nc5 46. Kc2 (46. Rxa5 $2 {loses.} Nb3+ 47. Kc2 Nxa5 $19) 46... Rd4 47. g6 {[%emt 0:00:40] Weighted Error Value: White=0.12 (very precise) /Black=0.32.  Loses game:     	---       	Black=1      Mistake:       	---       	Black=4      Inaccurate:     	White=2     	Black=4      OK:         	White=11    	Black=7      Best:        	White=2     	---} 1-0

[Event "3rd Sunway Formentera-A 2024"]
[Site "Formentera"]
[Date "2024.04.15"]
[Round "6.13"]
[White "Voronaya, Eva"]
[Black "Vargas Drechsler, Carlos"]
[Result "1/2-1/2"]
[ECO "A85"]
[WhiteElo "1673"]
[BlackElo "1878"]
[Annotator "NA RC"]
[PlyCount "58"]
[EventDate "2024.04.03"]
[EventType "swiss"]
[EventCountry "ESP"]
[SourceTitle "playchess.com"]
[Source "ChessBase"]
[SourceQuality "1"]
[TimeControl "40/5400+30:1800+30"]

1. d4 f5 2. Nf3 Nf6 3. Bf4 e6 4. c4 Be7 5. Nc3 O-O 6. h3 d6 7. e3 b6 8. Be2 Bb7 9. Ng5 Qd7 10. Bf3 c6 11. c5 h6 12. cxd6 Bxd6 13. Bxd6 Qxd6 14. e4 Qe7 15. e5 Ne8 16. h4 hxg5 17. hxg5 Qxg5 18. Rh5 Qe7 19. Qd2 c5 20. d5 exd5 21. Bxd5+ Bxd5 22. Qxd5+ Qf7 23. Qxa8 Qxh5 24. Rd1 Nc7 25. Qxa7 Ne6 26. Qxb6 Qh1+ 27. Kd2 Qh6+ 28. Ke1 Qh1+ 29. Kd2 Qh6+ 1/2-1/2

[Event "3rd Sunway Formentera-A 2024"]
[Site "Formentera"]
[Date "2024.04.16"]
[Round "7.1"]
[White "Ivanchuk, Vasyl"]
[Black "Baklan, Vladimir"]
[Result "1/2-1/2"]
[ECO "B89"]
[WhiteElo "2611"]
[BlackElo "2531"]
[Annotator "TA"]
[PlyCount "59"]
[EventDate "2024.04.03"]
[EventType "swiss"]
[EventCountry "ESP"]
[SourceTitle "playchess.com"]
[Source "ChessBase"]
[SourceQuality "1"]
[TimeControl "40/5400+30:1800+30"]

1. e4 c5 2. Nf3 Nc6 3. d4 cxd4 4. Nxd4 Nf6 5. Nc3 d6 6. Bc4 e6 7. Be3 Be7 8. Qe2 Bd7 9. O-O-O O-O 10. f4 a6 {[%emt 0:19:03] [#]} 11. e5 $1 Ne8 (11... dxe5 12. Nxc6) 12. Rhf1 g6 (12... Qc7 $14) 13. Bb3 $16 {[%emt 0:20:53] White has more active pieces. The black rooks are passive.} Na5 14. Kb1 Nxb3 15. axb3 (15. cxb3 $6 Qa5 $14) 15... Qc7 {[%emt 0:04:25] [#]} 16. h4 $1 Ng7 (16... dxe5 $142 17. fxe5 Qxe5) (16... Bb5 17. Ndxb5) 17. g4 dxe5 18. fxe5 Qxe5 {[%emt 0:00:03][%cal Of7f5] [#]} 19. h5 Bb5 20. Ndxb5 axb5 21. h6 (21. Nxb5 Bg5 22. Rfe1 (22. Rf3 f5 $17) 22... Bxe3 $17) 21... Ne8 22. Qf3 $1 (22. Qxb5 $2 Qxe3 23. Rd7 Bf6 (23... Nd6 $2 24. Qb4 $19) 24. Qxb7 Rd8 25. Rxd8 Bxd8 $19) (22. Nxb5 Nf6 23. Qd3 Nxg4 $17) 22... Qc7 {[%emt 0:05:07] Wards off Rd7. White must now prevent ...Qa5.} 23. Nxb5 Qa5 (23... Qc8 $16) 24. c4 $18 (24. Qxb7 $2 Qa1#) 24... Nc7 25. Rd7 $2 (25. Qxb7 $6 Nxb5 26. Qxb5 (26. Qxe7 Nc3+ 27. Kc2 Nxd1 $16) 26... f5 $18) (25. Bc5 $18 Bxc5 26. Nxc7 Qxc7 27. Qf6 Ra1+ 28. Kxa1 Ra8+ 29. Kb1) 25... Nxb5 $11 {[%emt 0:00:49] The position is equal.} 26. Rxe7 Qa2+ 27. Kc2 {[%emt 0:00:01][%cal Of3f6] Threatening mate with Qf6! Really sharp!} Na3+ 28. Kc3 {[%emt 0:00:01][%cal Of3f6] White wants to mate with Qf6!} Nb5+ 29. Kc2 $1 {[%emt 0:02:54][%cal Of3f6] Intending Qf6! and mate.} (29. cxb5 $2 {too greedy.} Rfc8+ $19) 29... Na3+ 30. Kc3 {Weighted Error Value: White=0.19 (very precise) /Black=0.26 (precise) .  Loses game:     	---       	Black=1      Missed win:     	White=1     	---        Mistake:       	White=1     	Black=2      Inaccurate:     	White=1     	---        OK:         	White=7     	Black=6      Best:        	White=5     	Black=3      Strong:       	White=2     	---} 1/2-1/2

[Event "3rd Sunway Formentera-A 2024"]
[Site "Formentera"]
[Date "2024.04.16"]
[Round "7.2"]
[White "Donchenko, Alexander"]
[Black "Manish Anto Cristiano F"]
[Result "1-0"]
[ECO "A29"]
[WhiteElo "2633"]
[BlackElo "2293"]
[Annotator "TA"]
[PlyCount "87"]
[EventDate "2024.04.03"]
[EventType "swiss"]
[EventCountry "ESP"]
[SourceTitle "playchess.com"]
[Source "ChessBase"]
[SourceQuality "1"]
[TimeControl "40/5400+30:1800+30"]

1. c4 Nf6 2. Nc3 e5 3. Nf3 Nc6 4. g3 d5 5. cxd5 Nxd5 6. Bg2 Nb6 7. O-O Be7 8. b3 O-O 9. Bb2 Be6 10. Rc1 f5 11. e4 Bf6 12. Ba3 {[%emt 0:09:08] The position is equal.} Be7 13. Bb2 Bf6 $1 14. Re1 Nb4 (14... f4 $11) 15. Ba3 $14 Nd3 16. Bxf8 Qxf8 17. Bh3 Qc8 18. Nb5 {[%emt 0:07:49][%cal Ob5c7] Black must now prevent Nxc7!} Nxc1 19. Qxc1 Qd7 20. Qc5 (20. Nxc7 $2 Rc8 21. Qb2 (21. exf5 $2 Bxf5 22. Bxf5 Qxf5 $19) 21... Rxc7 $19 (21... Qxc7 $2 22. d4 $19)) 20... c6 21. Nc3 (21. Nxe5 $2 Bxe5 (21... Qxd2 22. Nf3 $18) 22. exf5 (22. Qxe5 $2 cxb5 23. Rc1 Bf7 $19) 22... Bf7 (22... Qxd2 $2 23. Qxe5 Bf7 24. Nd6 $18) (22... cxb5 $2 23. fxe6 Qxd2 24. Qxe5 $18) 23. Rxe5 cxb5 24. Qxb5 Qxd2 $19) 21... Re8 ({Better is} 21... f4 $11 22. Bxe6+ Qxe6) 22. exf5 (22. Nxe5 $2 Qxd2 23. Rd1 Qc2 $19) 22... Bxf5 23. Bxf5 Qxf5 24. Kg2 Rf8 {[%emt 0:05:57] White leaves nothing to chance now.} ({Black should try} 24... Nd7 $14 25. Qc4+ (25. Qxa7 e4 $14) 25... Kh8) 25. Nxe5 $16 {[%emt 0:02:33] White has more active pieces.} h5 26. h4 Rd8 (26... Bd8 $16 {is a better defense.} 27. f4 Bf6) 27. d4 $18 Nd5 28. Nxd5 Rxd5 29. Qxa7 Kh7 30. Qxb7 Rxd4 31. Nf3 ({Weaker is} 31. Nxc6 Rd2 32. Qb6 Bxh4 $16 (32... Rxa2 33. Qe3 $16) (32... Bd4 $2 33. Qxd4 Rxd4 34. Nxd4 $18)) 31... Rd6 (31... Qd5 {keeps fighting.} 32. Rc1 Rd2) 32. Qb4 Qd7 (32... c5 {was worth a try.} 33. Qe4 Qxe4 34. Rxe4 Kg6) 33. Ne5 {[%emt 0:01:36] White wants to mate with Qe4+.} Qc7 34. Qe4+ Kg8 35. Nc4 Rd8 {[%emt 0:01:02] Against Qe8+} 36. Qe6+ Kh8 (36... Kh7 $142 37. Qf5+ Kg8 38. Qxh5 Rf8) 37. Ne5 {[%emt 0:00:59] Threatens to win with Nf7+.} Rd2 38. Qe8+ Kh7 39. Qxh5+ Kg8 {[%emt 0:00:05] [#]} 40. Nd7 $1 Qxd7 {[%emt 0:00:00] White is clearly winning.} 41. Re8+ Qxe8 42. Qxe8+ Kh7 43. a4 Bd4 44. Qe1 {[%emt 0:00:12] Weighted Error Value: White=0.13 (very precise) /Black=0.56.  Mistake:       	---       	Black=7      Inaccurate:     	White=2     	Black=2      OK:         	White=12    	Black=5      Best:        	White=2     	Black=3      Strong:       	---       	Black=1} 1-0

[Event "3rd Sunway Formentera-A 2024"]
[Site "Formentera"]
[Date "2024.04.16"]
[Round "7.3"]
[White "Mohamed Anees M"]
[Black "Pranav, V."]
[Result "1/2-1/2"]
[ECO "A95"]
[WhiteElo "2253"]
[BlackElo "2604"]
[Annotator "TA"]
[PlyCount "113"]
[EventDate "2024.04.03"]
[EventType "swiss"]
[EventCountry "ESP"]
[SourceTitle "playchess.com"]
[Source "ChessBase"]
[SourceQuality "1"]
[TimeControl "40/5400+30:1800+30"]

1. d4 f5 2. c4 e6 3. g3 Nf6 4. Bg2 Be7 5. Nf3 Ne4 6. Qc2 d5 7. Nc3 O-O 8. O-O c6 9. Bf4 Nd7 10. Rad1 Nd6 11. b3 {[%emt 0:05:26] White is slightly better.} Nf6 12. Ne5 Qe8 13. Rc1 {[%emt 0:16:04] White is much more active.} Nf7 14. Nxf7 Rxf7 15. Nb1 h6 16. Nd2 g5 17. Be5 Nd7 18. Bc7 Nf8 19. Ba5 b6 20. Bc3 Ba6 21. Nf3 Ng6 22. Bb2 g4 23. Ne5 Nxe5 24. dxe5 Rc8 25. Rfd1 Bg5 26. e3 h5 27. Qd2 dxc4 28. bxc4 h4 29. Qc2 c5 30. Rd6 hxg3 31. hxg3 Bb7 32. Bxb7 (32. Bd5 $5 exd5 33. Rg6+ Rg7 34. Rxg7+ Kxg7 35. Qxf5 $11) 32... Rxb7 33. Kf1 Bh6 34. Rcd1 Bf8 35. Qd3 Bxd6 $17 36. exd6 Qh5 (36... Qg6 $1 $19 37. a4 Rh7) 37. Ke2 {[%emt 0:01:56] [#]} b5 $2 38. Qc3 $40 {[%emt 0:00:47][%mdl 128] White attacks with force.} f4 $2 39. exf4 $18 {[%emt 0:00:51] White wants to mate with d7. Black is weak on the dark squares} Rf7 (39... Rd7 {was worth a try.} 40. cxb5 (40. Qf6 Re8 $18) 40... c4) 40. cxb5 Rb8 41. Qe5 Qxe5+ 42. Bxe5 {[%emt 0:00:05][%mdl 4096] Endgame. KRR-KRB} ({Weaker is} 42. fxe5 Rxb5 43. Bc1 Rd7 $11) 42... Rd7 43. a4 a6 44. Rh1 Rb6 45. bxa6 Rxa6 {[%emt 0:00:01] [#]} 46. Rc1 (46. Rh4 $1 $18) 46... Rxa4 $16 47. Rxc5 Ra2+ 48. Kf1 {[%emt 0:01:35] aiming for Rc8+.} Kf7 49. Rc8 Rb7 {[%emt 0:03:39] [#]} 50. Kg2 (50. Rc7+ $1 $16 Rxc7 51. dxc7) 50... Rd2 $1 $11 {[%emt 0:04:57] The position is equal.} 51. Rh8 {[%emt 0:02:14] Hoping for Rh7+.} Rb3 $1 {[%emt 0:00:30] ...Rf3 would now be deadly.} 52. Rh7+ Ke8 53. Rg7 Rf3 54. d7+ (54. Rxg4 {leads to mate.} Rfxf2+ 55. Kg1 Rg2+ 56. Kf1 Rh2 57. Ke1 Rdg2 58. d7+ Kxd7 59. Kf1 Rc2 60. Kg1 Rhd2 61. Rg7+ Ke8 62. Rg8+ Ke7) 54... Rxd7 {[%emt 0:00:11] Strongly threatening ...Rd2.} 55. Rg8+ Kf7 56. Rg7+ Ke8 {[%emt 0:00:06] And now ...Rd2 would win.} 57. Rg8+ {[%emt 0:01:19] Black defended with fortune.   Weighted Error Value: White=0.16 (very precise) /Black=0.21 (precise) .  Loses game:     	---       	Black=1      Mistake:       	White=3     	Black=3      Inaccurate:     	White=4     	Black=1      OK:         	White=16    	Black=19     Best:        	White=4     	Black=6      Strong:       	---       	Black=2} 1/2-1/2

[Event "3rd Sunway Formentera-A 2024"]
[Site "Formentera"]
[Date "2024.04.16"]
[Round "7.4"]
[White "Xiao, Tong(Qd)"]
[Black "Fernandez Guillen, Ernesto J."]
[Result "1-0"]
[ECO "C66"]
[WhiteElo "2484"]
[BlackElo "2474"]
[Annotator "TA"]
[PlyCount "91"]
[EventDate "2024.04.03"]
[EventType "swiss"]
[EventCountry "ESP"]
[SourceTitle "playchess.com"]
[Source "ChessBase"]
[SourceQuality "1"]
[TimeControl "40/5400+30:1800+30"]

1. e4 e5 2. Nf3 Nc6 3. Bb5 Nf6 4. d3 d6 5. c3 Bd7 6. O-O g6 7. Re1 Bg7 8. Nbd2 O-O 9. Nf1 Nh5 10. Ba4 h6 11. d4 {[%emt 0:03:42] White is slightly better.} exd4 12. cxd4 Bg4 13. Bxc6 bxc6 14. Be3 Rb8 15. h3 Bxf3 16. Qxf3 Qf6 17. Qd1 Rxb2 18. Qc1 $1 Rfb8 19. g4 $36 {[%emt 0:06:29][%mdl 2048] White has some pressure.} (19. Bxh6 $2 Qxf2+ 20. Kh2 Qxg2#) 19... c5 $1 20. dxc5 Rxf2 $2 {[%emt 0:13:08] This move loses the game for Black.} 21. Bxf2 $18 Nf4 {[%emt 0:03:42] [#]} 22. Bg3 Nxh3+ $16 23. Kg2 Ng5 24. Qe3 {[%emt 0:03:31] aiming for Rab1.} Qe6 {[%emt 0:03:58] [#]} (24... Rb2+ $16 {might work better.} 25. Kh1 dxc5) 25. Rab1 $1 $18 Rxb1 26. Rxb1 Qxg4 27. Nh2 (27. cxd6 $18 cxd6 28. Nh2 (28. Qxa7 $2 Qxe4+ 29. Kh2 Qxb1 $19)) 27... Qe6 (27... Qh3+ $16 28. Kg1 Nxe4) 28. Re1 Qxa2+ (28... dxc5 $142 29. Bf4 (29. Bxc7 Qxa2+ 30. Qf2 Qa4 $16) (29. Qxc5 Qh3+ 30. Kf2 Ne6 $11) 29... Qxa2+ 30. Re2 Qc4) 29. Re2 Qa1 (29... Qc4 $142) 30. cxd6 cxd6 31. Nf3 {[%emt 0:00:29] Repels Bd4} ({Don't play} 31. Bxd6 $6 Bd4 32. Re1 Qa2+ 33. Qe2 Qa5 $18) 31... Ne6 32. Bxd6 a5 33. Rf2 a4 34. Qe1 {[%emt 0:00:45] Prevents Qb1} Qf6 35. Be5 Qe7 36. Bxg7 Nf4+ 37. Kg3 Nd3 (37... Nh5+ 38. Kh2 Nxg7) 38. Qc3 {[%emt 0:01:52][%cal Og7h6] White threatens Bxh6! and mate.} Nxf2 39. Kxf2 f5 40. Bxh6 {[%emt 0:00:00] White mates.} fxe4 41. Ng5 Qa7+ 42. Kg2 Qd7 43. Qc4+ Kh8 44. Qxe4 Qd2+ 45. Kh3 Qd7+ 46. Kh4 {[%emt 0:00:09] Weighted Error Value: White=0.16 (very precise) /Black=0.40.  Loses game:     	---       	Black=1      Missed win:     	White=1     	---        Mistake:       	White=1     	Black=5      Inaccurate:     	White=1     	Black=1      OK:         	White=13    	Black=10     Best:        	White=3     	Black=2      Strong:       	White=1     	Black=1} 1-0

[Event "3rd Sunway Formentera-A 2024"]
[Site "Formentera"]
[Date "2024.04.16"]
[Round "7.5"]
[White "Moussard, Jules"]
[Black "Cervantes Landeiro, Thalia"]
[Result "1-0"]
[ECO "A20"]
[WhiteElo "2610"]
[BlackElo "2219"]
[Annotator "TA"]
[PlyCount "63"]
[EventDate "2024.04.03"]
[EventType "swiss"]
[EventCountry "ESP"]
[SourceTitle "playchess.com"]
[Source "ChessBase"]
[SourceQuality "1"]
[TimeControl "40/5400+30:1800+30"]

1. c4 e5 2. d3 Nf6 3. Nf3 Nc6 4. a3 a5 5. Nc3 d5 6. cxd5 Nxd5 7. g3 Be7 8. Bg2 {[%emt 0:00:21][%cal Of3e5] The position is equal.} Nxc3 9. bxc3 a4 10. O-O O-O 11. d4 exd4 12. cxd4 Be6 13. Bb2 Na5 14. Ne5 (14. Qxa4 $2 Nb3 15. Qb5 Nxa1 16. Rxa1 c6 $17) 14... Nb3 (14... c6 $15) 15. Bxb7 (15. d5 {simplifies} Bf5 16. Ra2 Nc5 17. Re1) 15... Bh3 {[%emt 0:08:43] [#]} 16. Qc2 $1 $14 Nxa1 (16... Rb8 17. Nc6) 17. Rxa1 Bd6 18. Nc4 (18. Rd1 $14) 18... Rb8 19. Bc6 Qg5 20. e4 Rfd8 21. e5 Bf8 22. Be4 {[%emt 0:00:36] Dodges Bf5} h5 23. Re1 Rb3 24. Bc1 Qg4 {[%emt 0:00:41][%mdl 8192] [#]} (24... Qe7 $1 $11 {and Black has nothing to worry.}) 25. e6 $1 $18 Rxd4 {[%emt 0:02:06] [#] And now ...f6 would win.} (25... fxe6 $2 26. Bh7+ (26. Ne5 Qxe4 27. Qxe4 Bf5 $18) 26... Kh8 27. Ne5 $18) 26. exf7+ (26. Bh7+ Kh8 27. e7 Bxe7 $15 (27... Rxc4 28. exf8=Q#)) 26... Kh8 27. Bf4 (27. Ne5 $6 Rxe4 28. Rxe4 (28. Qxe4 Qxe4 29. Rxe4 g5 $11) 28... Qf5) 27... Rb5 {[%emt 0:04:28] Against Ne5} (27... Rb8 28. Ne5 (28. Qxa4 $2 Rxe4 29. Ne3 Qxf4 $19) 28... Rxe4 29. Qxe4 Qf5 30. Ng6+ (30. Qxa4 $2 Rb1 $19) 30... Kh7 31. Qxf5 (31. Bxc7 Qxe4 32. Nxf8+ Kh6 33. Bf4+ g5 34. Bxg5+ Kg7) 31... Bxf5 32. Nxf8+ (32. Bxc7 Rc8 $14) 32... Rxf8) 28. Ne5 $1 (28. Qxa4 $2 {too greedy.} Rxe4 29. Ne3 Rxa4 $19) (28. Bxc7 $2 {is the wrong capture.} Rc5 (28... Qe6 $2 29. Nd6 $19) 29. f3 Qe6 (29... Rdxc4 $2 30. fxg4 Rxc2 31. Bxc2 $19) 30. Qxa4 Qxf7 $19 (30... Rxc7 $2 31. Qe8 $19) (30... Qxc4 $2 31. Qxc4 Rdxc4 32. Bf4 $19) (30... Rcxc4 $2 31. Qe8 $19)) 28... Rxe5 29. Bxe5 Rd7 30. Qc1 (30. Bxc7 Rxf7 31. Be5 Qe6 $16) 30... Qe6 {[%emt 0:00:54] Prevents Qh6+} 31. Qg5 (31. Bxc7 Qxf7 32. Be5 Kg8 $14) 31... Bg4 32. Bg6 {[%emt 0:00:15] Weighted Error Value: White=0.09 (flawless) /Black=0.37.  Loses game:     	---       	Black=1      Mistake:       	White=1     	Black=3      Inaccurate:     	White=1     	Black=2      OK:         	White=5     	Black=8      Best:        	---       	Black=2      Strong:       	White=1     	---        Brilliant:      	White=1     	---} 1-0

[Event "3rd Sunway Formentera-A 2024"]
[Site "Formentera"]
[Date "2024.04.16"]
[Round "7.6"]
[White "Zhu, Hengyi"]
[Black "Vantika Agrawal"]
[Result "1/2-1/2"]
[ECO "B66"]
[WhiteElo "2282"]
[BlackElo "2398"]
[Annotator "TA"]
[PlyCount "74"]
[EventDate "2024.04.03"]
[EventType "swiss"]
[EventCountry "ESP"]
[SourceTitle "playchess.com"]
[Source "ChessBase"]
[SourceQuality "1"]
[TimeControl "40/5400+30:1800+30"]

1. e4 c5 2. Nf3 d6 3. d4 cxd4 4. Nxd4 Nf6 5. Nc3 Nc6 6. Bg5 e6 7. Qd2 a6 8. O-O-O Be7 9. Nxc6 bxc6 10. Bxf6 gxf6 11. Bc4 {[%emt 0:00:10] White has an edge.} Bb7 {[%emt 0:03:19] Black is weak on the light squares} 12. Rhe1 Qc7 13. Qe3 O-O-O 14. Kb1 Kb8 15. f4 d5 16. Bb3 (16. Be2 $11) 16... Bd6 ({Black should try} 16... c5 $1 $15 17. exd5 c4) 17. g3 $11 h5 18. exd5 cxd5 19. Ne2 (19. f5 $11) 19... h4 $15 20. f5 Bc5 $17 21. Qd3 {[%emt 0:08:01] [#] aiming for fxe6.} e5 22. Nc3 Bb4 ({Better is} 22... hxg3 $17 23. hxg3 e4) 23. Nxd5 $11 Bxe1 {[%emt 0:04:25] This pair of bishops is nice.} 24. Nxc7 Rxd3 25. cxd3 hxg3 26. hxg3 Bxg3 27. Nd5 Bh4 28. Rh1 Rh6 29. Rh2 Bc8 30. Ne7 {[%emt 0:02:06][%cal Oe7c8] White is slightly better.} Bg5 31. Rxh6 Bxh6 32. Bxf7 Bf8 33. Nxc8 Kxc8 $14 {[%emt 0:00:05] KB-KB} 34. Kc2 Kc7 35. Kc3 a5 36. Kc4 Kb6 37. Kd5 {[%emt 0:01:01] [#] Threatens to win with Ke6.} Bh6 {[%emt 0:02:49] Weighted Error Value: White=0.14 (very precise) /Black=0.12 (very precise) .  Mistake:       	White=3     	Black=2      Inaccurate:     	White=2     	Black=1      OK:         	White=12    	Black=12     Best:        	White=4     	Black=1} 1/2-1/2